Map: Backwater LE

Players

Maru - Winner!

  • Race: Terran Terran
  • Spawn Location: 5:00

sOs

  • Race: Protoss Protoss
  • Spawn Location: 11:00

Event: IEM Season 12 - Katowice

VOD

Have the link to the VOD?

Description

Time

  • Played on: March 3, 2018, 10:25 a.m.
  • Length: 9:33

All games in this series

Show
View Real Time Build Order
Export as new Build Order

Maru Terran - Winner!

Build Orders: Reaper Expand, Cyclone Timing 

Get SALT Encoding   

  12  0:00  SCV  
  13  0:12  SCV  
  14  0:16  Supply Depot  
  14  0:24  SCV  
  15  0:38  SCV  
  15  0:40  Barracks  
  16  0:43  Refinery  
  16  0:50  SCV  
  17  1:02  SCV  
  18  1:14  SCV  
  19  1:26  Orbital Command  
  19  1:27  Reaper  
  20  1:47  Command Center  
  20  1:53  SCV  
  21  1:58  Supply Depot  
  21  2:01  Barracks Reactor  
  21  2:05  SCV  
  21  2:08  Refinery  
  22  2:17  SCV  
  22  2:22  Factory  
  23  2:29  SCV  
  24  2:37  Marine  
  24  2:38  Marine  
  24  2:42  SCV  
  27  2:54  SCV, Marine  
  27  2:55  Marine  
  26  2:58  Orbital Command  
  30  3:06  SCV  
  30  3:10  Cyclone  
  30  3:12  Marine  
  33  3:17  Starport  
  33  3:18  SCV  
  33  3:25  SCV  
  34  3:28  Marine  
  34  3:30  SCV, Marine  
  37  3:36  Supply Depot  
  37  3:39  SCV  
  38  3:42  SCV  
  38  3:44  Cyclone  
  42  3:48  Marine x2  
  42  3:51  SCV  
  45  3:58  Medivac  
  45  3:59  Supply Depot  
  47  4:06  Marine x2  
  47  4:09  SCV  
  50  4:16  SCV  
  51  4:17  Cyclone, Supply Depot  
  51  4:21  SCV  
  51  4:24  Marine x2  
  55  4:28  Viking  
  55  4:29  SCV  
  60  4:33  SCV  
  61  4:41  SCV  
  63  4:45  SCV, Marine  
  63  4:46  Marine  
  63  4:49  Supply Depot  
  65  4:54  SCV  
  65  4:55  Command Center  
  65  4:57  SCV, Factory Tech Lab  
  67  5:01  Starport Tech Lab  
  67  5:03  Marine x2  
  67  5:06  SCV  
  70  5:10  SCV  
  71  5:18  SCV  
  71  5:20  Barracks  
  72  5:21  Barracks  
  72  5:23  SCV  
  72  5:27  Bunker  
  72  5:28  Marine x2  
  73  5:30  SCV  
  73  5:31  Viking  
  73  5:35  SCV  
  68  5:38  Siege Tank  
  67  5:45  Marine  
  67  5:48  SCV  
  67  5:49  SCV  
  50  5:58  Marine  
  50  6:00  SCV  
  50  6:01  SCV  
  50  6:03  Marine  
  44  6:12  SCV  
  45  6:20  SCV, Orbital Command  
  46  6:32  Marine x2, Raven  
  50  6:33  SCV x2  
  52  6:45  SCV x2  
  54  6:48  SCV  
  55  6:57  SCV x2  
  55  7:00  SCV  
  58  7:02  Factory Reactor  
  58  7:03  Refinery x2  
  58  7:09  SCV, Engineering Bay  
  58  7:10  SCV  
  58  7:12  SCV  
  58  7:15  Marine x3  
  61  7:22  SCV x2  
  65  7:25  SCV  
  65  7:28  Marine  
  67  7:33  Marine x2  
  67  7:34  SCV x2  
  67  7:36  Terran Infantry Weapons Level 1  
  71  7:37  SCV  
  71  7:44  Starport Reactor  
  70  7:46  SCV x2  
  70  7:49  Missile Turret, SCV  
  70  7:50  Missile Turret  
  73  7:51  Marine  
  73  7:52  Marine x2  
  73  7:55  Missile Turret, Widow Mine  
  78  8:03  SCV x3  
  81  8:08  Marine  
  81  8:09  Marine  
  81  8:10  Marine  
  84  8:13  Cyclone  
  84  8:14  Marine  
  84  8:15  SCV  
  84  8:16  Cyclone  
  84  8:19  SCV  
  92  8:20  SCV  
  92  8:26  Marine  
  93  8:31  Barracks x2  
  93  8:40  SCV x3, Medivac  
  98  8:45  Marine  
  98  8:46  Widow Mine  
  103  8:48  Widow Mine  
  103  8:53  Marine  
  103  8:54  Marauder x2  
  108  8:57  Supply Depot  
  108  9:03  Marine  
  108  9:04  Supply Depot  
  108  9:06  Supply Depot  
Show
View Real Time Build Order
Export as new Build Order

sOs Protoss 

Build Orders: 1 Gate Expand, Oracle Opening 

Get SALT Encoding   

  12  0:00  Probe  
  13  0:12  Probe  
  14  0:18  Pylon  
  14  0:25  Probe  
  15  0:37  Probe (Chrono Boost)  
  15  0:39  Gateway  
  16  0:46  Probe (Chrono Boost)  
  16  0:48  Assimilator  
  17  0:51  Probe (Chrono Boost)  
  18  1:03  Probe  
  19  1:15  Probe  
  20  1:25  Nexus  
  20  1:34  Cybernetics Core  
  20  1:38  Probe  
  21  1:47  Assimilator  
  21  1:51  Probe  
  22  1:57  Pylon  
  22  2:03  Probe  
  23  2:13  Adept (Chrono Boost)  
  24  2:16  Probe  
  24  2:21  Stargate  
  25  2:28  Probe  
  26  2:32  Adept (Chrono Boost)  
  26  2:36  Warp Gate  
  28  2:41  Probe x2  
  30  2:50  Adept (Chrono Boost)  
  31  3:01  Probe x2  
  32  3:14  Probe  
  32  3:15  Probe  
  34  3:25  Oracle (Chrono Boost)  
  34  3:26  Probe  
  34  3:27  Probe  
  34  3:29  Gateway  
  37  3:34  Gateway  
  37  3:39  Probe  
  37  3:40  Probe  
  39  3:52  Pylon, Oracle (Chrono Boost)  
  39  3:53  Probe  
  39  3:54  Probe  
  44  4:03  Pylon  
  44  4:06  Probe x2  
  46  4:18  Probe x2  
  46  4:19  Oracle (Chrono Boost), Gateway  
  51  4:38  Probe  
  51  4:39  Probe  
  51  4:41  Pylon  
  51  4:42  Adept  
  51  4:43  Stalker x2  
  59  4:48  Shield Battery  
  59  4:50  Pylon  
  62  5:06  Zealot x2  
  66  5:08  Probe  
  66  5:15  Stalker x2  
  66  5:17  Pylon  
  67  5:34  Stalker x2  
  68  5:40  Probe x2  
  69  5:44  Zealot x2  
  65  5:55  Probe x2  
  54  6:07  Probe (Chrono Boost)  
  54  6:09  Probe (Chrono Boost)  
  54  6:11  Pylon  
  54  6:19  Probe (Chrono Boost)  
  54  6:24  Probe (Chrono Boost)  
  55  6:27  Nexus  
  55  6:33  Oracle (Chrono Boost), Assimilator  
  55  6:39  Probe  
  59  6:41  Probe  
  60  6:51  Probe  
  60  6:53  Assimilator  
  61  6:55  Twilight Council  
  61  7:14  Oracle (Chrono Boost)  
  64  7:21  Probe x2  
  64  7:24  Stalker  
  64  7:25  Zealot x2  
  62  7:33  Probe x2  
  60  7:45  Probe x2  
  60  7:46  Stalker x2  
  60  7:47  Zealot  
  68  7:52  Probe  
  66  8:10  Probe x2  
  66  8:11  Oracle (Chrono Boost)  
  65  8:18  Probe  
  69  8:23  Gateway x2  
  69  8:26  Probe  
  70  8:27  Gateway  
  70  8:32  Gateway  
  70  8:33  Probe  
  71  8:34  Probe  
  71  8:38  Probe  
  73  8:45  Zealot x3  
  73  8:46  Probe (Chrono Boost)  
  73  8:47  Sentry  
  82  8:53  Oracle (Chrono Boost)  
  82  8:54  Probe (Chrono Boost)  
  83  8:58  Probe (Chrono Boost)  
  87  9:07  Probe (Chrono Boost)  
  87  9:08  Probe (Chrono Boost)  
  87  9:09  Pylon  
  88  9:10  Zealot x2  

Tags
 
Add a new tag
Caveats
  • Supply blocks, unpowered buildings, or Contaminate may cause inaccurate times.
  • Supply counts are checked every 10 seconds.